 Dungeon Crawl Stone Soup version 0.18-a0-1426-g3b9a63c (webtiles) character file.

82 GrosslyIncandescent the Insei (level 4, -2/35 HPs)
             Began as a Mummy Monk on Feb 27, 2016.
             Slain by an orc priest
             ... wielding a cursed -2 club
              (4 damage)
             ... on level 3 of the Dungeon.
             The game lasted 00:01:36 (2175 turns).

GrosslyIncandescent the Insei (Mummy Monk)          Turns: 2175, Time: 00:01:36

Health: -2/35      AC:  0    Str: 14    XL:     4   Next: 21%
Magic:  4/4        EV: 13    Int:  9    God:
Gold:   88         SH:  0    Dex: 15    Spells: 0 memorised, 3 levels left

rFire  . . .     SeeInvis .       - Unarmed
rCold  + . .     Gourm    .     (no armour)
rNeg   + + +     Faith    .     (no shield)
rPois  ∞         Spirit   .     (no helmet)
rElec  .         Dismiss  .     (no cloak)
rCorr  .         Reflect  .     (no gloves)
SustAt .         Harm     .     (no boots)
MR     .....                    (no amulet)
Stlth  ++........               c - ring of protection from fire
                                a - ring of flight

@: not resistant to hostile enchantments, unstealthy
A: no food or potions, fire vulnerability, cold resistance 1, negative energy
resistance 3, torment resistance, unbreathing
a: Evoke Flight


You were on level 3 of the Dungeon.
You were not hungry.

You visited 1 branch of the dungeon, and saw 3 of its levels.

You collected 88 gold pieces.


Innate Abilities, Weirdness & Mutations

You do not eat or drink.
Your flesh is vulnerable to fire.
You are immune to poison.
Your flesh is cold resistant.
You are immune to negative energy.
You are immune to unholy pain and torment.
You can survive without breathing.


   Skills:
 - Level 3.0 Fighting
 - Level 2.4 Dodging
 - Level 1.5 Stealth
 + Level 4.7 Unarmed Combat


You had 3 spell levels left.
You didn't know any spells.

Inventory:

Jewellery
 a - a ring of flight (left hand)
 c - a ring of protection from fire (right hand)
Scrolls
 b - a scroll of enchant armour {unknown}
 d - a scroll of teleportation {unknown}
 e - 2 scrolls of remove curse {unknown}
 f - a scroll of recharging {unknown}

Dungeon Overview and Level Annotations

Branches:
Dungeon (3/15)

Altars:
Trog

▒▒▒▒▒▒▒.▒▒▒▒▒▒▒
▒.............▒
▒.▒▒▒▒▒.▒▒▒▒▒.▒
▒▒▒▒▒▒▒.▒ ▒.▒
..!.....▒ ▒.▒
▒▒▒▒▒▒▒†▒ ▒.▒
▒.▒ ▒.▒
▒[▒▒▒▒▒.▒
▒)Mo....▒
▒.▒▒▒▒▒▒▒ ▒.▒
▒.▒ ▒.. ▒▒▒


You could see an orc priest.


Message History

You pummel the orc but do no damage!
The orc is almost dead!
The orc hits you! * * * don't die
* * * The orc barely misses you!
You beat the orc but do no damage!
The orc is almost dead!
The orc hits you! * * * don't die
* * * The orc hits you with a war axe! * * * don't die
* * * You pulverise the orc!
You annihilate the orc!!!
You beat the orc but do no damage!
Your punch misses the orc!
The orc priest calls down the wrath of Beogh upon you!
You are unaffected!
You beat the orc into a bloody pulp!!!
You annihilate the orc!!!
The orc priest casts a cantrip, but nothing happens!
The orc priest hits you with a club! * * * don't die
* * * You pulverise the orc priest!!!
The orc priest is heavily wounded!
The orc priest misses you!
You closely miss the orc priest!
The orc priest is heavily wounded!
You pummel the orc priest like a punching bag!
The orc priest is heavily wounded!
The orc priest hits you with a club! rip

Action                   |  1- 3 |  4- 6 || total
-------------------------+-------+-------++-------
Melee: Unarmed           |   103 |    14 ||   117
 Stab: Sleeping          |     3 |       ||     3

Vault maps used:
D:1:      minmay_arrival_widening_spiral_wide, hangedman_glass_teeth
D:2:      nicolae_overflow_crystal_walls
D:3:      mumra_celtic_spiral_tile, minmay_misc_feat_tiny

Notes
Turn   | Place    | Note
--------------------------------------------------------------
     0 | D:1      | GrosslyIncandescent the Mummy Monk began the quest for the Orb.
     0 | D:1      | Reached XP level 1. HP: 18/18 MP: 1/1
   296 | D:1      | Reached XP level 2. HP: 17/24 MP: 2/2
   703 | D:1      | Reached skill level 4 in Unarmed Combat
  1296 | D:2      | Found a bloodstained altar of Trog.
  1329 | D:2      | Reached XP level 3. HP: 12/29 MP: 3/3
  2078 | D:3      | Reached XP level 4. HP: 26/35 MP: 4/4
  2172 | D:3      | HP: 2/35 [orc priest/club (3)]
  2175 | D:3      | Slain by an orc priest

Vanquished Creatures
  An orc priest (D:3)
  An adder (D:2)
  An ooze (D:1)
  A worm (D:2)
  2 dart slugs (D:1)
  4 orcs
  A giant cockroach (D:1)
  5 goblins
  A hobgoblin (D:1)
  4 kobolds
  2 bats
  A giant newt (D:1)
  8 rats
32 creatures vanquished.
